 Dungeon Crawl Stone Soup version 0.31-a0-232-gb1c03b2570 (webtiles) character file.

Game seed: 2684324823681095124

116 qw the Shooter (level 4, -6/36 HPs)
             Began as a Minotaur Hexslinger on July 7, 2023.
             Mangled by an ogre
             ... wielding a +0 giant club
              (23 damage)
             ... on level 4 of the Dungeon.
             The game lasted 00:00:53 (2462 turns).

qw the Shooter (Minotaur Hexslinger)                Turns: 2462, Time: 00:00:54

Health: -6/36      AC:  3    Str: 12    XL:     4   Next: 69%
Magic:  4/4        EV: 12    Int: 10    God:
Gold:   122        SH:  0    Dex: 15    Spells: 4/5 levels left

rFire   . . .        Y - +1 sling
rCold   . . .        (no shield)
rNeg    + . .        j - +0 leather armour
rPois   .            (helmet restricted)
rElec   .            (no cloak)
rCorr   .            (no gloves)
SInv    .            (no boots)
Will    +....        (no amulet)
Stlth   +            f - ring of positive energy
HPRegen 0.26/turn    b - ring of willpower
MPRegen 0.09/turn

%: no passive effects
@: no status effects
A: horns 2, retaliatory headbutt
a: no special abilities


You were on level 4 of the Dungeon.
You visited 1 branch of the dungeon, and saw 4 of its levels.

You collected 122 gold pieces.


Innate Abilities, Weirdness & Mutations

You have a pair of horns on your head.
You reflexively headbutt those who attack you in melee.


   Skills:
 + Level 2.0 Fighting
 - Level 5.2 Ranged Weapons
 - Level 2.1 Dodging
 - Level 1.0 Spellcasting
 - Level 2.0 Hexes


You had 4 spell levels left.
You knew the following spells:

 Your Spells              Type           Power      Damage    Failure   Level
a - Slow                  Hex            16%        N/A       19%         1

Your spell library contained the following spells:

 Spells                   Type           Power      Damage    Failure   Level
 Inner Flame              Hex/Fire       2%         N/A       65%         3
 Portal Projectile        Hex/Tloc       4%         N/A       65%         3
 Cause Fear               Hex            2%         N/A       88%         4

Inventory:

Hand Weapons
 Y - a +1 sling (weapon)
Armour
 j - a +0 leather armour (worn)
Jewellery
 b - a ring of willpower (right hand)
 f - a ring of positive energy (left hand)
Potions
 a - a potion of attraction {unknown}
 e - 2 potions of curing
 g - a potion of cancellation {unknown}
 i - a potion of heal wounds {unknown}

Dungeon Overview and Level Annotations

Branches:
Dungeon (4/15)
 Temple: D:4-7

Altars:

Annotations:
D:3 1 runed translucent door, Crazy Yiuf


Message History

Found 6 poisoned darts.
There is a stone staircase leading up here.
Waypoint 3 assigned to D:4.
A goblin comes into view. It is wielding a +0 club.
The goblin shouts!
You shoot a sling bullet.
The sling bullet closely misses the goblin.
You shoot a sling bullet.
The sling bullet closely misses the goblin.
You shoot a sling bullet.
The sling bullet closely misses the goblin.
You shoot a sling bullet. The sling bullet hits the goblin.
You kill the goblin!
An ogre comes into view. It is wielding a +0 giant club.
You shoot a sling bullet. The ogre shouts!
The sling bullet hits the ogre.
The ogre is lightly wounded.
You shoot a sling bullet. The sling bullet hits the ogre.
The ogre is moderately wounded.
You shoot a sling bullet. The sling bullet hits the ogre.
The ogre is moderately wounded.
You shoot a sling bullet. The sling bullet hits the ogre.
The ogre is moderately wounded.
An adder comes into view.
The ogre hits you with a +0 giant club!!
Ouch! That really hurt!
You shoot a sling bullet.
The sling bullet barely misses the ogre.
The sling bullet completely misses the adder.
The adder hisses angrily.
The ogre barely misses you.
You shoot a sling bullet. The sling bullet hits the ogre.
The ogre is heavily wounded.
You shoot a sling bullet.
The sling bullet hits the ogre but does no damage.
The ogre is heavily wounded.
The ogre hits you with a +0 giant club!!
Ouch! That really hurt!
You die...

#..# #. #..+
... #..#
....
#..#####....
#......S....
#...........
#.(..O......
#...@......#
#<....####.#
#.##### #.#
###


You could see an ogre and an adder.

Vanquished Creatures
  Ijyb (D:3)
  2 adders (D:3)
  3 dart slugs
  5 ball pythons
  6 bats
  10 endoplasms
  A giant cockroach (D:1)
  9 goblins
  5 hobgoblins
  2 quokkas (D:2)
  7 frilled lizards
  7 kobolds
  5 rats
63 creatures vanquished.

Notes
Turn   | Place    | Note
-------+----------+-------------------------------------------
     0 | D:1      | qw the Minotaur Hexslinger began the quest for the Orb.
     0 | D:1      | Reached XP level 1. HP: 16/16 MP: 1/1
     0 | D:1      | 0 ||| qw: Version: 0.3-a-46-gb1f654a
     0 | D:1      | 0 ||| qw: Game counter: 2179
     0 | D:1      | 0 ||| qw: Melee chars always use a shield: true
     0 | D:1      | 0 ||| qw: God list: Okawaru
     0 | D:1      | 0 ||| qw: Allow faded altars: false
     0 | D:1      | 0 ||| qw: Do Orc after clearing Dungeon:15 true
     0 | D:1      | 0 ||| qw: Do second Lair branch before Depths: true
     0 | D:1      | 0 ||| qw: Lair rune preference: random
     0 | D:1      | 0 ||| qw: Goals: Normal
     0 | D:1      | 0 ||| PLANNING D:1-11
   102 | D:1      | Reached skill level 3 in Ranged Weapons
   102 | D:1      | Reached XP level 2. HP: 17/23 MP: 2/2
   498 | D:1      | Found a faded altar of an unknown god.
   527 | D:1      | Reached XP level 3. HP: 29/29 MP: 3/3
   672 | D:1      | 672 ||| UPGRADING to ring of positive energy.
   673 | D:1      | 673 ||| READING scroll labelled AREEGR IRASU.
   674 | D:1      | 674 ||| DROPPING scroll of poison.
  1108 | D:2      | Reached skill level 4 in Ranged Weapons
  1521 | D:2      | 1521 ||| READING scroll labelled LIULAU XOONORPH.
  1522 | D:2      | 1522 ||| DRINKING 3 smoky yellow potions.
  1538 | D:3      | Reached XP level 4. HP: 25/36 MP: 4/4
  1560 | D:3      | 1560 ||| FLEEEEING.
  1566 | D:3      | 1566 ||| STAIRDANCE
  1680 | D:3      | 1680 ||| FLEEEEING.
  1947 | D:3      | Found a runed translucent door.
  1948 | D:3      | Noticed Crazy Yiuf
  2182 | D:3      | Noticed Ijyb
  2183 | D:3      | 2183 ||| FLEEEEING.
  2184 | D:3      | 2184 ||| FLEEEEING.
  2185 | D:3      | 2185 ||| FLEEEEING.
  2186 | D:3      | 2186 ||| FLEEEEING.
  2187 | D:3      | 2187 ||| FLEEEEING.
  2188 | D:3      | 2188 ||| FLEEEEING.
  2191 | D:3      | 2191 ||| FLEEEEING.
  2192 | D:3      | 2192 ||| FLEEEEING.
  2199 | D:3      | 2199 ||| FLEEEEING.
  2204 | D:3      | 2204 ||| FLEEEEING.
  2205 | D:3      | 2205 ||| FLEEEEING.
  2206 | D:3      | 2206 ||| FLEEEEING.
  2207 | D:3      | 2207 ||| FLEEEEING.
  2212 | D:3      | 2212 ||| FLEEEEING.
  2213 | D:3      | 2213 ||| FLEEEEING.
  2214 | D:3      | 2214 ||| FLEEEEING.
  2215 | D:3      | 2215 ||| FLEEEEING.
  2216 | D:3      | 2216 ||| FLEEEEING.
  2226 | D:3      | Killed Ijyb
  2227 | D:3      | Reached skill level 5 in Ranged Weapons
  2340 | D:3      | 2340 ||| UPGRADING to +0 leather armour.
  2350 | D:3      | 2350 ||| DROPPING +0 robe.
  2351 | D:3      | 2351 ||| UPGRADING to ring of willpower.
  2352 | D:3      | 2352 ||| READING 2 scrolls labelled ZYILINUTEOH.
  2353 | D:3      | 2353 ||| DRINKING 2 emerald potions.
  2393 | D:3      | 2393 ||| DROPPING potion of lignification.
  2394 | D:3      | 2394 ||| DROPPING scroll of summoning.
  2455 | D:4      | Noticed an ogre
  2462 | D:4      | Mangled by an ogre

Levels and vault maps discovered:
D:1:      psy_arrival_spokes, layout_loops_cross, basic_ecumenical_altar
D:2:      layout_loops_corners
D:3:      layout_loops_ring, uniq_ijyb, uniq_crazy_yiuf_cottage
D:4:      layout_basic, evilmike_ruin_ashenzari,
          minmay_temple_entry_butterflies, guppyfry_shop_venom

Skill      XL: |  1  2  3  4 |
---------------+-------------+-----
Ranged Weapons | 3 4 5 |  5.2
Fighting       | 2 |  2.0
Dodging        | |  2.1
Spellcasting   | |  1.0
Hexes          | |  2.0

Action                     |  1- 3 |  4- 6 || total
---------------------------+-------+-------++-------
   Fire: Sling             |   123 |    46 ||   169
    Use: Scroll            |     2 |     1 ||     3
         Potion            |     1 |     1 ||     2
 Armour: Robe              |     6 |       ||     6
  Dodge: Dodged            |    27 |     2 ||    29

Table legend:
 A = Non-vault XP
 B = Vault XP
 C = Vault XP percentage of total XP
 D = Non-vault monster count
 E = Vault monster count
 F = Vault count percentage of total count
                 A         B        C        D         E       F
            +---------+---------+-------+---------+---------+-------
      Total |     131 |      35 |  21.1 |      62 |       1 |   1.6
            +---------+---------+-------+---------+---------+-------
        D:1 |      45 |       0 |   0.0 |      27 |       0 |   0.0
        D:2 |      37 |       0 |   0.0 |      20 |       0 |   0.0
        D:3 |      47 |      35 |  42.7 |      14 |       1 |   6.7
        D:4 |       2 |       0 |   0.0 |       1 |       0 |   0.0
            +---------+---------+-------+---------+---------+-------
